 Dungeon Crawl Stone Soup version 0.21.1-1-g345015fe64 (webtiles) character file.

452 LevaFresel the Bolt Thrower (level 7, 0/42 HPs)
             Began as a Kobold Hunter on June 11, 2018.
             Was a Follower of Nemelex Xobeh.
             Slain by a hellwing (4 damage)
             ... summoned by the player character
             ... on level 7 of the Dungeon.
             The game lasted 00:17:21 (2851 turns).

LevaFresel the Bolt Thrower (Kobold Hunter)         Turns: 2851, Time: 00:17:22

Health: 0/42       AC:  5    Str: 11    XL:     7   Next: 26%
Magic:  7/7        EV: 15    Int: 12    God:    Nemelex Xobeh [*.....]
Gold:   140        SH:  0    Dex: 16    Spells: 6/6 levels left

rFire    . . .     SeeInvis .   a - +1 hand crossbow
rCold    . . .     Gourm    .   (shield restricted)
rNeg     . . .     Faith    .   m - +0 ring mail
rPois    .         Spirit   .   (no helmet)
rElec    .         Reflect  .   (no cloak)
rCorr    .         Harm     .   (no gloves)
MR       .....                  (no boots)
Stlth    +.........             (no amulet)
HPRegen  0.14/turn              (no ring)
MPRegen  0.10/turn              (no ring)

@: no status effects
A: small, carnivore
a: Renounce Religion


You were on level 7 of the Dungeon.
You worshipped Nemelex Xobeh.
Nemelex Xobeh was aware of your devotion.
You were completely stuffed.

You visited 1 branch of the dungeon, and saw 5 of its levels.

You collected 140 gold pieces.

Inventory:

Hand Weapons
 a - a +1 hand crossbow (weapon)
 b - a +0 short sword
 p - a +0 spear of venom
Missiles
 d - 41 bolts (quivered)
Armour
 e - a +0 pair of gloves
 m - a +0 ring mail (worn)
Wands
 g - a wand of iceblast (7)
 x - a wand of paralysis (21)
Scrolls
 c - a scroll of random uselessness {unknown}
 j - a scroll of amnesia {unknown}
 k - a scroll of remove curse {unknown}
 l - 2 scrolls of identify
 o - 2 scrolls of fear {unknown}
 t - a scroll of fog {unknown}
 v - a scroll of teleportation {unknown}
 y - a scroll of torment {unknown}
Potions
 h - 2 potions of curing {unknown}
 q - 2 potions of agility {unknown}
 s - 3 potions of brilliance {unknown}
 u - a potion of invisibility {unknown}
 w - 3 potions of might {unknown}
Miscellaneous
 n - a plain deck of summoning {drawn: 2}
 r - a plain deck of destruction {drawn: 1}
Comestibles
 f - 5 rations
 i - 2 chunks of flesh


   Skills:
 + Level 3.9 Fighting
 + Level 3.3 Short Blades
 * Level 6.9 Crossbows
 + Level 2.1 Armour
 + Level 4.1 Dodging
 - Level 1.3 Stealth


You had 6 spell levels left.
You didn't know any spells.

Dungeon Overview and Level Annotations

Branches:
Dungeon (7/15)
 Temple: D:4-7

Altars:
Ashenzari
Nemelex Xobeh
Qazlal
Ru
Uskayaw


Innate Abilities, Weirdness & Mutations

You are small and have problems with some larger weapons.
You are carnivorous and can eat meat at any time.


Message History

You see here 3 bolts.
Found a stone staircase leading down.
You draw a card...
It is the Pentagram.
The orc hits your hell hound with a short sword.
The crimson imp closely misses you. The orc hits you but does no damage.
The orc priest calls down the wrath of Beogh upon you.
Beogh smites you!
* * * LOW HITPOINT WARNING * * *
The crimson imp hits your hell hound but does no damage.
Your hell hound breathes flames at the orc.
The blast of flame hits the orc.
The orc dies!
The hellwing misses you.
The hellwing hits you but does no damage.
Your hell hound closely misses the orc.
The orc barely misses your hell hound.
Your hell hound bites the orc.
The hellwing hits you.
* * * LOW HITPOINT WARNING * * *
The hellwing hits you.
You die...
Your body disappears without a glow.

+#######+.# ...........
...#.#.### #.#.# #.#.###
#.#.#..
.#################.#.#.$
..>....4.h.....#...o.#..
.......@.5oo......o.)(..
....######o#.#.....[....
. #o#.##....W....
#W..##...(.<...
######.......#.
##..###.#. ##.# #.#. #.#
#>#) #.# ..


You could see a hellwing, an orc warrior, an orc priest, a crimson imp, an orc
and a friendly hell hound.

Vanquished Creatures
  A howler monkey (D:6)
  A jelly (D:7)
  2 orc wizards
  An iguana (D:6)
  2 worker ants
  2 gnolls (D:1)
  5 adders
  2 oozes
  A worm (D:2)
  2 dart slugs (D:1)
  2 leopard geckos (D:2)
  4 orcs
  5 giant cockroaches
  7 goblins
  6 hobgoblins
  4 jackals (D:3)
  5 kobolds
  3 bats
  4 frilled lizards
  8 rats
67 creatures vanquished.

Vanquished Creatures (collateral kills)
  An ogre (D:7)
  3 orc wizards
  A killer bee zombie (D:7)
  A leopard gecko (D:7)
  2 orcs
8 creatures vanquished.

Grand Total: 75 creatures vanquished

Notes
Turn   | Place    | Note
-------+----------+-------------------------------------------
     0 | D:1      | LevaFresel the Kobold Hunter began the quest for the Orb.
     0 | D:1      | Reached XP level 1. HP: 12/12 MP: 1/1
    84 | D:1      | Reached skill level 5 in Crossbows
   111 | D:1      | Reached XP level 2. HP: 13/17 MP: 2/2
   200 | D:2      | Found a hide-covered altar of Uskayaw.
   275 | D:1      | Reached skill level 1 in Short Blades
   318 | D:1      | Reached XP level 3. HP: 22/22 MP: 3/3
   459 | D:1      | Reached XP level 4. HP: 27/27 MP: 4/4
   850 | D:2      | Found a sparkling altar of Nemelex Xobeh.
   864 | D:2      | Became a worshipper of Nemelex Xobeh the Trickster
   988 | D:2      | Received a gift from Nemelex Xobeh
  1036 | D:2      | Reached skill level 1 in Armour
  1217 | D:2      | Found a shattered altar of Ashenzari.
  1814 | D:3      | Reached XP level 5. HP: 32/32 MP: 5/5
  1837 | D:3      | Reached * piety under Nemelex Xobeh
  2171 | D:3      | Received a gift from Nemelex Xobeh
  2225 | D:3      | Reached skill level 6 in Crossbows
  2327 | D:3      | You fall through a shaft for 3 floors!
  2392 | D:6      | Reached XP level 6. HP: 23/37 MP: 6/6
  2530 | D:6      | Found a stormy altar of Qazlal.
  2696 | D:6      | You fall through a shaft!
  2696 | D:7      | Found a sacrificial altar of Ru.
  2818 | D:7      | Noticed an ogre
  2826 | D:7      | Killed an ogre
  2826 | D:7      | Reached XP level 7. HP: 35/42 MP: 7/7
  2834 | D:7      | Noticed a hungry ghost
  2849 | D:7      | Noticed a hellwing
  2851 | D:7      | Slain by a hellwing

Skill      XL: |  1  2  3  4  5  6  7 |
---------------+----------------------+-----
Crossbows      | 5 6 |  6.9
Short Blades   | 1 2 3 |  3.3
Armour         | 1 2 |  2.1
Dodging        | 3 4 |  4.1
Fighting       | 3 |  3.9
Stealth        | |  1.3

Action                   |  1- 3 |  4- 6 |  7- 9 || total
-------------------------+-------+-------+-------++-------
Melee: Short sword       |     3 |   101 |       ||   104
       Hand crossbow     |       |     2 |       ||     2
 Fire: Hand crossbow     |    41 |    83 |     6 ||   130
Evoke: Deck              |       |     2 |     1 ||     3
  Use: Scroll            |       |     3 |       ||     3
 Stab: Paralysed         |       |     1 |       ||     1
  Eat: Chunk             |     1 |    13 |       ||    14
Armor: Leather armour    |     1 |       |       ||     1
       Ring mail         |       |    40 |     6 ||    46
Dodge: Dodged            |     9 |    83 |    11 ||   103
